 Dungeon Crawl Stone Soup version 0.24-a0-459-g225fefd530 (webtiles) character file.

Game seed: 911617499362091390

58240 Amnesiac the Nimble (level 14, -2/84 HPs)
             Began as a Spriggan Chaos Knight on June 28, 2019.
             Was a Plaything of Xom.
             Killed from afar by Asterion (30 damage)
             ... with an orb of electricity
             ... on level 1 of the Elven Halls.
             The game lasted 00:56:46 (19119 turns).

Amnesiac the Nimble (Spriggan Chaos Knight)        Turns: 19119, Time: 00:56:47

Health: -2/84      AC:  8    Str:  9 (12) XL:     14   Next: 48%
Magic:  0/31       EV: 26    Int: 16 (19) God:    Xom [*.....]
Gold:   344        SH: 11    Dex: 15 (16) Spells: 13/33 levels left

rFire    + + .     SeeInvis +   b - +1 dagger (pierce)
rCold    + . .     Gourm    .   x - +0 buckler
rNeg     . . .     Faith    .   e - +0 troll leather armour
rPois    .         Spirit   +   (helmet restricted)
rElec    .         Reflect  .   K - scarf {rC+ rF+}
rCorr    .         Harm     .   (gloves unavailable)
MR       ++...     Clarity  +   (boots unavailable)
Stlth    ++........             G - amulet of guardian spirit
HPRegen  0.64/turn              i - ring of protection from fire
MPRegen  0.22/turn              t - +5 ring of slaying

@: brilliant, lethally poisoned (-2 -> -4), liquid flames, glowing, heavily
drained, very quick
A: very small, unfitting armour, claws 1, fangs 1, horns 1, icy blue scales 1,
iridescent scales 1, large bone plates 1, see invisible, clarity, herbivore,
speed 3, high mp 1, slow metabolism 2, wild magic 1, MP-powered wands
a: Renounce Religion


You were on level 1 of the Elven Halls.
You worshipped Xom.
You were a special plaything of Xom.
You were not hungry.

You visited 4 branches of the dungeon, and saw 16 of its levels.
You also visited: Ice Cave.

You collected 1781 gold pieces.
You spent 1437 gold pieces at shops.

Inventory:

Hand Weapons
 a - a +0 short sword of chaos
 b - a +1 dagger of piercing (weapon)
 s - a +1 dagger of pain
Missiles
 k - 7 atropa-tipped darts (quivered)
 y - 21 poisoned darts
 z - a throwing net
 E - 3 boomerangs of dispersal
Armour
 e - a +0 troll leather armour (worn)
 x - a +0 buckler (worn)
 K - a scarf of resistance (worn)
Jewellery
 i - a ring of protection from fire (left claw)
 m - an uncursed ring of protection from fire
 t - a +5 ring of slaying (right claw)
 v - an uncursed ring of positive energy {unknown}
 G - an amulet of guardian spirit (around neck)
 I - the amulet "Ijoisiar" {Faith -Tele rElec rF+}
   (You found it on level 11 of the Dungeon)

   [amulet of faith]

   It allows you to gain divine favour quickly.
   It protects you from fire.
   It insulates you from electricity.
   It prevents most forms of teleportation.
Wands
 j - a wand of scattershot (10)
 o - a wand of random effects (25)
 u - a wand of iceblast (55)
 C - a wand of polymorph (3)
 H - a wand of digging (2)
 L - a wand of flame (10)
Scrolls
 g - 2 scrolls of teleportation {!r}
 n - 5 scrolls of amnesia {!r}
 r - a scroll of enchant armour {!r}
 A - a scroll of enchant weapon {!r, unknown}
 F - 2 scrolls of remove curse {!r}
 J - 4 scrolls of identify {!r}
Potions
 d - 4 potions of curing {!q}
 h - 5 potions of lignification {!q}
 l - 3 potions of brilliance {!q}
 p - 2 potions of flight {!q}
 q - 2 potions of haste {!q}
 w - a potion of might {!q}
 B - a potion of ambrosia {!q}
 D - a potion of mutation {!q}
Comestibles
 c - 5 rations


   Skills:
 - Level 14.0(11.7) Fighting
 - Level 8.0(6.0) Short Blades
 - Level 14.5(12.2) Dodging
 - Level 8.0(6.1) Stealth
 + Level 5.6(3.8) Shields
 - Level 10.0(8.0) Spellcasting
 - Level 8.0(6.1) Evocations


You had 13 spell levels left.
You knew the following spells:

 Your Spells              Type           Power        Failure   Level  Hunger
a - Call Imp              Summ           ###.....     4%          2    None
b - Passwall              Tmut/Erth      ###.....     4%          2    None
c - Summon Lightning Spi  Summ/Air       ###.....     24%         4    ####...
d - Confuse               Hex            ###.....     9%          3    ##.....
e - Mephitic Cloud        Conj/Pois/Air  ###.....     9%          3    ##.....
s - Conjure Flame         Conj/Fire      ###.....     9%          3    ##.....
v - Blink                 Tloc           N/A          4%          2    None
z - Confusing Touch       Hex            ###...       3%          1    None

Your spell library contained the following spells:

 Spells                   Type           Power        Failure   Level  Hunger
 Animate Skeleton         Necr           N/A          3%          1    None
 Freeze                   Ice            ###.         3%          1    None
 Magic Dart               Conj           ###.         3%          1    None
 Sandblast                Erth           ###...       3%          1    None
 Summon Small Mammal      Summ           ###.         3%          1    None
 Corpse Rot               Necr           N/A          4%          2    None
 Ensorcelled Hibernation  Hex/Ice        ###...       4%          2    None
 Slow                     Hex            ###.....     4%          2    None
 Throw Frost              Conj/Ice       ###...       4%          2    None
 Call Canine Familiar     Summ           ###.....     9%          3    ##.....
 Gell's Gravitas          Tloc           ###.......   9%          3    ##.....
 Ozocubu's Armour         Chrm/Ice       ###.....     9%          3    ##.....
 Regeneration             Chrm/Necr      ###.......   9%          3    ##.....
 Stone Arrow              Conj/Erth      ###...       9%          3    ##.....
 Summon Guardian Golem    Hex/Summ       ###.....     9%          3    ##.....
 Vampiric Draining        Necr           ###.......   9%          3    ##.....
 Ice Form                 Ice/Tmut       ###.....     24%         4    ####...
 Petrify                  Tmut/Erth      ###.....     24%         4    ####...
 Summon Ice Beast         Ice/Summ       ###.....     24%         4    ####...
 Throw Icicle             Conj/Ice       ###.....     24%         4    ####...
 Dispel Undead            Necr           ###.....     50%         5    #####..
 Lee's Rapid Deconstruct  Erth           ###.......   50%         5    #####..
 Metabolic Englaciation   Hex/Ice        ###.......   50%         5    #####..
 Yara's Violent Unravell  Hex/Tmut       ###.......   50%         5    #####..
 Bolt of Cold             Conj/Ice       ###.......   93%         6    #######
 Freezing Cloud           Conj/Ice/Air   ###.......   93%         6    #######
 Ozocubu's Refrigeration  Ice            ###.......   93%         6    #######
 Simulacrum               Ice/Necr       ###.......   93%         6    #######


Dungeon Overview and Level Annotations

Branches:
Dungeon (11/15)            Temple (1/1) D:4            Lair (0/6) D:8
    Orc (2/2) D:11            Elf (2/3) Orc:2

Altars:
Ashenzari
Cheibriados
Dithmenos
Elyvilon
Fedhas
Gozag
Hepliaklqana
Kikubaaqudgha
Makhleb
Nemelex Xobeh
Qazlal
Ru
Sif Muna
Trog
Uskayaw
Vehumet
Wu Jian
Xom
Yredelemnul
Zin
The Shining One
Beogh

Shops:
D:4 =   D:10 }   Orc:2 (%%%   Elf:1 }}=   Elf:2 :

Annotations:
Elf:1 Asterion


Innate Abilities, Weirdness & Mutations

You are very small and have problems with some larger weapons.
You are too small for most types of armour.
You have supernaturally acute eyesight. (SInv)
You are a herbivore.
You cover ground extremely quickly.
You need to consume almost no food.
You have sharp fingernails.
You have very sharp teeth.
You have a pair of small horns on your head.
You are partially covered in icy blue scales. (AC +2)
You are partially covered in iridescent scales. (AC +2)
You are partially covered in large bone plates. (SH +4)
You possess an exceptional clarity of mind.
You have an increased reservoir of magic. (+10% MP)
Your spells are a little harder to cast, but a little more powerful.
You expend magic power (3 MP) to strengthen your wands.


Message History

You hit Asterion but do no damage.
Asterion is heavily wounded.
You are engulfed in poison gas.
You are more poisoned.
* * * LOW HITPOINT WARNING * * *
x2 You feel very sick.
Asterion blocks your attack.
You headbutt Asterion, but do no damage.
Asterion is heavily wounded.
You are engulfed in poison gas.
You are more poisoned.
* * * LOW HITPOINT WARNING * * *
x2 You feel very sick.
Asterion is engulfed in blazing flames.
Asterion mumbles some strange prayers to Makhleb.
Asterion seems to speed up.
The green death hits you.
* * * LOW HITPOINT WARNING * * *
Your lightning spire shoots out a bolt of lightning at Asterion!
The bolt of electricity hits the green death!
The bolt of electricity hits Asterion! x2
The bolt of electricity hits the green death!
The bolt of electricity hits your lightning spire.
Your lightning spire completely resists.
Really quaff
d - 5 potions of curing {!q}?
You feel better.
You are engulfed in poison gas.
You are poisoned.
You feel sick. "You have grown too confident for your meagre worth."
You feel drained.
You are now a toy of Xom.
Asterion is engulfed in blazing flames.
The green death hits your lightning spire!
Asterion is engulfed in poison gas.
Asterion is poisoned.
Asterion hits your lightning spire with a +7 morningstar of protection!!
Your lightning spire is destroyed!
The green death roars!
Asterion blocks your attack.
You strike the helpless Asterion from behind!
You hit Asterion.
Asterion is almost dead.
You feel sick. The green death completely misses you.
Casting: Summon Lightning Spire (slightly dangerous; 24% risk of failure)
Confirm with . or Enter, or press ? or * to list all spells.
You blink.
You feel sick. "See what I see, my child!"
You detect creatures!
You are now a special plaything of Xom.
Asterion is engulfed in poison gas.
Asterion looks even sicker.
Evoke which item? (* to show all) (? for menu, Esc to quit)
Okay, then.
You feel sick.
Asterion unleashes a bloodcurdling roar.
You feel sick.
You feel sick.
Asterion conjures a destructive force in the name of Makhleb!
The sticky flame hits you. You resist.
You are covered in liquid flames!
* * * LOW HITPOINT WARNING * * *
You are covered in liquid flames!
You feel sick.
Asterion conjures a destructive force in the name of Makhleb!
The orb of electricity explodes!
The orb of electricity engulfs you!!!
You die...
Xom laughs nastily!

######### ######### ........##
##.......## #
.........###....@....## ##
..........#...........## #.
.........H.............###### #.
........................'...# #.
....°2..................'...####.
...°.°.................####....'.
....!.................## #....'.
...##############'##### #.####.
.:..############...########.# #.


You could see Asterion.

Vanquished Creatures
  Donald (Elf:1)
  Roxanne (Elf:1)
  Snorg (Orc:1)
  A hydra (D:11)
  Erolcha (D:9)
  An anaconda (IceCv)
  5 dancing weapons
  A two-headed ogre (Orc:2)
  3 deep elf knights (Elf:1)
  5 orc high priests (Orc:2)
  A deep elf archer (Elf:2)
  A necromancer (Elf:1)
  4 orc knights
  14 deep elf magi
  An ugly thing (D:11)
  2 cyclopes
  5 orc sorcerers (Orc:2)
  A rust devil (D:11)
  A gargoyle (D:11)
  A water nymph (D:8)
  An ice statue (IceCv)
  A kobold demonologist (D:11)
  An ice devil (D:11)
  10 freezing wraiths (IceCv)
  A jumping spider (Orc:2)
  5 trolls
  Grinder (D:4)
  A raiju (D:7)
  A hippogriff (D:6)
  An air elemental (Elf:1)
  2 vampires (D:11)
  3 yaks (D:11)
  A water elemental (Elf:1)
  Eustachio (D:4)
  A fire elemental (Elf:1)
  5 large abominations (Elf:1)
  A hungry ghost (D:9)
  3 wargs
  An alligator simulacrum (IceCv)
  7 ice beasts
  21 orc warriors
  A phantom (D:4)
  A black bear (shapeshifter) (D:8)
  3 sky beasts (D:9)
  15 ogres
  A wolf (D:4)
  3 centaurs
  3 elf zombies (Elf:1)
  6 big kobolds (D:11)
  10 bullfrogs
  2 earth elementals
  A water moccasin zombie (D:6)
  2 wyvern skeletons
  A scorpion (D:10)
  A killer bee (D:8)
  3 howler monkeys
  3 crimson imps
  2 bullfrog zombies
  9 hounds
  A bullfrog skeleton (D:6)
  7 draconian simulacra (IceCv)
  18 orc priests
  A centaur skeleton (D:11)
  A jelly (D:7)
  15 orc wizards
  2 iguanas (D:9)
  Natasha (thrice) (D:4)
  5 worker ants
  2 polar bear simulacra (IceCv)
  A troll simulacrum (IceCv)
  2 spriggan simulacra (IceCv)
  A wolf simulacrum (IceCv)
  5 centaur simulacra (IceCv)
  A hound skeleton (D:9)
  2 worker ant zombies
  Robin (D:4)
  7 gnolls
  A howler monkey zombie (D:5)
  2 ogre simulacra (IceCv)
  15 adders
  3 naga simulacra (IceCv)
  7 river rats
  A shadow imp (D:9)
  11 white imps (IceCv)
  An ooze (D:2)
  2 worms
  2 dart slugs
  4 leopard geckos
  75 orcs
  5 giant cockroaches
  13 goblins
  9 hobgoblins
  7 jackals
  5 kobolds
  14 quokkas
  A ball python (D:2)
  A ball python skeleton (D:4)
  7 bats
  5 frilled lizards
  A jackal skeleton (D:7)
  A leopard gecko skeleton (D:9)
  30 rats
485 creatures vanquished.

Vanquished Creatures (collateral kills)
  A deep elf death mage (Elf:1)
  A centaur (D:2)
  A bullfrog (D:7)
  An orc (Orc:1)
  A hobgoblin (D:2)
  A fire vortex (D:11)
6 creatures vanquished.

Vanquished Creatures (others)
  A dancing weapon (Orc:2)
  A big kobold (D:11)
  A crimson imp (IceCv)
  An orc priest (Orc:2)
  An orc wizard (Orc:2)
  A gnoll (D:7)
  A quokka skeleton (D:4)
7 creatures vanquished.

Grand Total: 498 creatures vanquished

Notes
Turn   | Place    | Note
-------+----------+-------------------------------------------
     0 | D:1      | Amnesiac the Spriggan Chaos Knight began the quest for the
                  | Orb.
     0 | D:1      | Reached XP level 1. HP: 11/11 MP: 2/2
    18 | D:1      | Reached skill level 1 in Stealth
    36 | D:1      | XOM: potion effect (berserk rage)
    48 | D:1      | XOM: silly message
    97 | D:1      | Reached XP level 2. HP: 14/16 MP: 3/3
   214 | D:1      | XOM: divination: magic mapping
   320 | D:1      | Found an ancient bone altar of Kikubaaqudgha.
   322 | D:1      | Found a sparkling altar of Nemelex Xobeh.
   322 | D:1      | Found an iron altar of Okawaru.
   324 | D:1      | Found a shimmering altar of Xom.
   324 | D:1      | Found a burning altar of Makhleb.
   324 | D:1      | Found a shimmering altar of Xom.
   421 | D:1      | XOM: mild Tloc miscast
   476 | D:1      | XOM: torment (7/16 hp)
   651 | D:2      | XOM: enchant monster (bad)
   665 | D:2      | Reached XP level 3. HP: 19/19 MP: 4/4
   699 | D:2      | Found a sparkling altar of Nemelex Xobeh.
   723 | D:2      | XOM: 2-stop teleportation journey
   743 | D:2      | XOM: butterfly on damage
   749 | D:2      | XOM: summons friendly quasit
   755 | D:2      | Reached XP level 4. HP: 14/23 MP: 5/5
  1079 | D:2      | XOM: noise
  1140 | D:2      | XOM: give mutations
  1140 | D:2      | Gained mutation: You are partially covered in icy blue
                  | scales. (AC +2) [Xom's grace]
  1140 | D:2      | Gained mutation: You are partially covered in large bone
                  | plates. (SH +4) [Xom's grace]
  1192 | D:2      | Noticed a centaur
  1197 | D:2      | XOM: cast spell 'Summon Hydra'
  1199 | D:2      | Killed a centaur
  1199 | D:2      | Reached XP level 5. HP: 22/27 MP: 6/6
  1414 | D:3      | XOM: scenery: create altars
  1597 | D:3      | XOM: summons friendly crimson imp
  1617 | D:3      | XOM: butterfly on damage
  1850 | D:3      | Reached skill level 5 in Short Blades
  1850 | D:3      | Reached skill level 5 in Stealth
  1853 | D:3      | Reached skill level 5 in Dodging
  2007 | D:3      | Found a shimmering altar of Xom.
  2331 | D:3      | Reached XP level 6. HP: 9/32 MP: 7/7
  2670 | D:4      | Found Qoupepus's Jewellery Emporium.
  2831 | D:4      | Noticed Grinder
  2839 | D:4      | XOM: summons 4 friendly demons
  2851 | D:4      | Killed Grinder
  2851 | D:4      | Reached XP level 7. HP: 18/35 MP: 8/8
  2894 | D:4      | XOM: harmless Tloc miscast
  2994 | D:4      | XOM: mild Tmut miscast
  3084 | D:4      | You fall into a shaft and drop 3 floors!
  3097 | D:7      | XOM: harmless Conj miscast
  3368 | D:6      | Reached skill level 1 in Evocations
  3456 | D:6      | XOM: medium Chrm miscast
  3543 | D:5      | Entered Level 5 of the Dungeon
  3579 | D:5      | XOM: god gift: scroll labeled DIEXZA VYONASM {god gift}
  3626 | D:5      | XOM: harmless Chrm miscast
  3829 | D:4      | Found a staircase to the Ecumenical Temple.
  3847 | Temple   | Entered the Ecumenical Temple
  3968 | D:4      | Noticed Robin
  4004 | D:4      | Killed Robin
  4096 | D:4      | XOM: divination: detect creatures
  4117 | D:4      | Noticed Natasha
  4147 | D:4      | XOM: harmless Hex miscast
  4158 | D:4      | Killed Natasha
  4166 | D:4      | XOM: potion effect (heal wounds)
  4170 | D:4      | Reached XP level 8. HP: 36/39 MP: 10/10
  4332 | D:4      | Learned a level 2 spell: Blink
  4344 | D:4      | Noticed Natasha
  4356 | D:4      | Killed Natasha
  4404 | D:4      | Noticed Eustachio
  4409 | D:4      | Killed Eustachio
  4824 | D:4      | XOM: harmless Hex miscast
  4874 | D:4      | Noticed Natasha
  4889 | D:4      | Killed Natasha
  5082 | D:5      | XOM: divination: magic mapping
  5164 | D:5      | Found a hazy altar of Hepliaklqana.
  5547 | D:4      | XOM: divination: detect creatures
  5647 | D:6      | XOM: enchant monster (bad)
  5651 | D:6      | Reached skill level 5 in Evocations
  5653 | D:6      | XOM: summons friendly quasit
  5775 | D:6      | Noticed a hippogriff
  5805 | D:6      | Killed a hippogriff
  5936 | D:6      | XOM: divination: detect items
  6109 | D:6      | Reached XP level 9. HP: 43/43 MP: 14/14
  6194 | D:6      | Found a shattered altar of Ashenzari.
  6276 | D:6      | XOM: harmless Conj miscast
  6292 | D:6      | Reached skill level 10 in Dodging
  6542 | D:6      | XOM: divination: detect items
  7191 | D:4      | Bought an uncursed amulet of guardian spirit for 300 gold
                  | pieces
  7285 | D:7      | XOM: scenery: 1 doors open
  7358 | D:7      | XOM: 1-stop teleportation journey
  7458 | D:7      | XOM: summons 9 friendly demons
  7563 | D:7      | XOM: 2-stop teleportation journey
  7608 | D:7      | Reached skill level 1 in Spellcasting
  7660 | D:7      | XOM: give mutations
  7660 | D:7      | Gained mutation: You possess an exceptional clarity of
                  | mind. [Xom's grace]
  7660 | D:7      | Gained mutation: Your spells are a little harder to cast,
                  | but a little more powerful. [Xom's grace]
  7660 | D:7      | Gained mutation: You have sharp fingernails. [Xom's grace]
  7660 | D:7      | Gained mutation: You expend magic power (3 MP) to
                  | strengthen your wands. [Xom's grace]
  7933 | D:7      | XOM: god gift: 33 gold pieces
  8086 | D:7      | XOM: harmless Ice miscast
  8090 | D:7      | Learned a level 2 spell: Call Imp
  8094 | D:7      | Learned a level 3 spell: Mephitic Cloud
  8098 | D:7      | Learned a level 3 spell: Conjure Flame
  8104 | D:8      | Found an iron altar of Okawaru.
  8112 | D:8      | Found a staircase to the Lair.
  8124 | D:8      | Noticed a two-headed ogre
  8129 | D:8      | XOM: cast spell 'Dispersal'
  8137 | D:8      | XOM: mild Hex miscast
  8138 | D:8      | XOM: enchant monster (bad)
  8141 | D:8      | Noticed a water nymph
  8141 | D:8      | a two-headed ogre changed into a water nymph
  8141 | D:8      | XOM: polymorph two-headed ogre -> water nymph
  8325 | D:8      | XOM: divination: detect creatures
  8561 | D:8      | Reached skill level 5 in Spellcasting
  8565 | D:8      | Learned a level 1 spell: Confusing Touch
  8755 | D:8      | XOM: blink monster(s)
  8764 | D:8      | XOM: harmless Fire miscast
  8765 | D:8      | Killed a water nymph
  9043 | D:8      | XOM: harmless Hex miscast
  9107 | D:8      | Reached XP level 10. HP: 41/47 MP: 18/20
  9159 | D:8      | Learned a level 3 spell: Confuse
  9164 | D:8      | Learned a level 4 spell: Summon Lightning Spire
  9252 | D:9      | XOM: noise
  9525 | D:9      | XOM: 2-stop teleportation journey
  9551 | D:9      | XOM: 5-stop teleportation journey
  9562 | D:9      | XOM: confuse monster(s)
  9630 | D:9      | XOM: give mutation
  9645 | D:9      | Noticed Erolcha
  9650 | D:9      | Killed Erolcha
  9974 | D:10     | Entered Level 10 of the Dungeon
 10044 | D:10     | Reached skill level 5 in Fighting
 10103 | D:10     | Found Jeummia's Gadget Shop.
 10307 | D:10     | XOM: cleaving
 10377 | D:10     | XOM: divination: detect creatures
 10427 | D:10     | XOM: noise
 10481 | D:10     | XOM: divination: magic mapping
 10517 | D:11     | XOM: scenery: create altars
 10737 | D:11     | XOM: god gift: 3 boomerangs of dispersal
 10758 | D:11     | Noticed a brown ugly thing
 10761 | D:11     | XOM: polymorph brown ugly thing -> purple ugly thing
 10765 | D:11     | XOM: cast spell 'Ring of Flames'
 10772 | D:11     | Killed a purple ugly thing
 10789 | D:11     | Got a crude brass amulet
 10797 | D:11     | Identified the amulet "Ijoisiar" {Faith -Tele rElec rF+}
                  | (You found it on level 11 of the Dungeon)
 10828 | D:11     | Reached XP level 11. HP: 43/56 MP: 3/25
 10847 | D:11     | Noticed an eight-headed hydra
 10850 | D:11     | Reached skill level 10 in Spellcasting
 10859 | D:11     | Killed an eight-headed hydra
 10861 | D:11     | XOM: summons friendly shadow imp
 10948 | D:11     | XOM: give mutations
 10948 | D:11     | Gained mutation: You have a pair of small horns on your
                  | head. [Xom's grace]
 10948 | D:11     | Gained mutation: You have an increased reservoir of magic.
                  | (+10% MP) [Xom's grace]
 10986 | D:11     | Found a staircase to the Orcish Mines.
 11017 | D:11     | XOM: give mutation
 11046 | D:11     | Noticed a red ugly thing
 11081 | D:11     | XOM: summons 1 hostile demon
 11082 | D:11     | Noticed a sixfirhy
 11090 | D:11     | XOM: summons friendly white imp
 11121 | D:11     | Found a frozen archway.
 11144 | D:11     | XOM: divine lightning
 11231 | D:11     | XOM: divination: magic mapping
 11298 | IceCv    | Entered an ice cave
 11692 | IceCv    | XOM: potion effect (haste)
 11748 | IceCv    | XOM: god gift: wand of scattershot (5)
 11821 | IceCv    | XOM: confuse monster(s)
 11893 | IceCv    | XOM: 1-stop teleportation journey
 11966 | IceCv    | Found an ancient bone altar of Kikubaaqudgha.
 12050 | IceCv    | XOM: enchant monster (good)
 12153 | IceCv    | Noticed a necromancer
 12163 | IceCv    | XOM: 3-stop teleportation journey
 12172 | IceCv    | XOM: repel stairs
 12175 | IceCv    | XOM: noise
 12239 | IceCv    | XOM: draining
 12451 | IceCv    | XOM: give mutation
 12499 | IceCv    | XOM: polymorph white imp -> crimson imp
 12634 | IceCv    | Noticed an anaconda
 12634 | IceCv    | a necromancer changed into an anaconda
 12634 | IceCv    | XOM: polymorph necromancer -> anaconda
 12888 | IceCv    | XOM: harmless Summ miscast
 12918 | IceCv    | Identified Sif Muna's Reference Book on Ice
 13026 | IceCv    | XOM: summons 5 hostile demons
 13322 | IceCv    | Killed an anaconda
 13428 | IceCv    | XOM: harmless Tloc miscast
 13517 | D:11     | XOM: mild Tloc miscast
 13525 | D:11     | XOM: summons 2 hostile shadow creatures
 13535 | D:11     | XOM: chaos upgrade
 13580 | D:11     | XOM: harmless Chrm miscast
 13644 | D:11     | XOM: mild Summ miscast
 13649 | D:11     | Reached skill level 10 in Fighting
 13914 | D:11     | XOM: mild Fire miscast
 13924 | D:11     | XOM: summons friendly iron imp
 13999 | D:11     | Reached XP level 12. HP: 68/68 MP: 29/29
 14015 | D:11     | XOM: god gift: 23 gold pieces
 14041 | Orc:1    | Entered Level 1 of the Orcish Mines
 14076 | Orc:1    | XOM: god gift: book of Geomancy
 14079 | Orc:1    | XOM: summons friendly white imp
 14099 | Orc:1    | XOM: medium Fire miscast
 14305 | Orc:1    | XOM: medium Erth miscast
 14354 | Orc:2    | Entered Level 2 of the Orcish Mines
 14431 | Orc:2    | XOM: confuse monster(s)
 14556 | Orc:2    | XOM: divination: detect items
 14582 | Orc:2    | Learned a level 2 spell: Passwall
 14613 | Orc:2    | XOM: confuse monster(s)
 14628 | Orc:2    | XOM: blink monster(s)
 14632 | Orc:2    | XOM: mild Tmut miscast
 14720 | Orc:2    | XOM: noise
 14739 | Orc:2    | XOM: harmless Fire miscast
 14775 | Orc:2    | XOM: 2-stop teleportation journey
 14864 | Orc:2    | XOM: summons 1 hostile demon
 14884 | Orc:2    | Found a staircase to the Elven Halls.
 15087 | Orc:2    | Noticed an orc high priest
 15097 | Orc:2    | XOM: summons friendly quasit
 15109 | Orc:2    | Killed an orc high priest
 15132 | Orc:2    | XOM: polymorph troll -> jumping spider
 15225 | Orc:2    | XOM: mild Necr miscast
 15236 | Orc:2    | XOM: fog
 15348 | Orc:2    | Found a roughly hewn altar of Beogh.
 15420 | Orc:2    | Noticed a two-headed ogre
 15426 | Orc:2    | XOM: enchant monster (good)
 15431 | Orc:2    | Noticed an orc high priest
 15437 | Orc:2    | Killed a two-headed ogre
 15443 | Orc:2    | XOM: divination: detect creatures
 15446 | Orc:2    | Killed an orc high priest
 15462 | Orc:2    | XOM: harmless Chrm miscast
 15494 | Orc:2    | XOM: harmless Air miscast
 15511 | Orc:2    | XOM: potion effect (haste)
 15530 | Orc:2    | Noticed an orc high priest
 15531 | Orc:2    | Noticed an orc high priest
 15554 | Orc:2    | XOM: divination: detect creatures
 15558 | Orc:2    | XOM: cast spell 'Summon Butterflies'
 15563 | Orc:2    | XOM: potion effect (experience)
 15563 | Orc:2    | Reached skill level 5 in Shields
 15563 | Orc:2    | Reached XP level 13. HP: 69/76 MP: 20/30
 15567 | Orc:2    | XOM: potion effect (curing)
 15609 | Orc:2    | XOM: medium Chrm miscast
 15612 | Orc:2    | XOM: 1-stop teleportation journey
 15803 | Orc:2    | Found Mymeydi's Food Boutique.
 15803 | Orc:2    | Found Lokhef's Weapon Shoppe.
 15805 | Orc:2    | Found Pidom's Food Boutique.
 15805 | Orc:2    | Found Vydaribb's Food Shoppe.
 15816 | Orc:2    | XOM: harmless Chrm miscast
 15847 | Orc:1    | Noticed Snorg
 15847 | Orc:1    | XOM: enchant monster (good)
 15875 | Orc:1    | XOM: mild Tloc miscast
 15879 | Orc:1    | XOM: noise
 15891 | Orc:1    | XOM: harmless Pois miscast
 15909 | Orc:1    | Killed Snorg
 15922 | Orc:1    | XOM: silly message
 16338 | Elf:1    | Entered Level 1 of the Elven Halls
 16341 | Elf:1    | XOM: potion effect (berserk rage)
 16353 | Elf:1    | XOM: potion effect (agility)
 16388 | Elf:1    | XOM: divination: magic mapping
 16441 | Elf:1    | XOM: scenery: 1 doors open, 1 doors close
 16458 | Elf:1    | Reached XP level 14. HP: 65/82 MP: 14/31
 16633 | Elf:1    | Noticed Donald
 16642 | Elf:1    | Killed Donald
 16686 | Elf:1    | XOM: divination: detect creatures
 16734 | Elf:1    | Noticed Roxanne
 16781 | Elf:1    | XOM: scenery: create altars
 16805 | Elf:1    | Found Juj Wiacs's Gadget Boutique.
 16806 | Elf:1    | Found Eteyxar's Jewellery Shoppe.
 16807 | Elf:1    | Found Acvarich's Gadget Boutique.
 17151 | D:4      | Bought a +5 ring of slaying for 1137 gold pieces
 17237 | D:9      | XOM: summons 7 hostile demons
 17477 | Elf:1    | Noticed Asterion
 17557 | Elf:1    | XOM: polymorph blizzard demon -> green death
 17567 | Elf:1    | XOM: divination: detect items
 17574 | Elf:1    | XOM: polymorph green death -> blizzard demon
 17576 | Elf:1    | XOM: harmless Conj miscast
 17577 | Elf:1    | XOM: noise
 17579 | Elf:1    | HP: 2/84 [blizzard demon/the air[Asterion] (17)]
 17580 | Elf:1    | XOM: summons 3 hostile shadow creatures
 17582 | Elf:1    | XOM: enchant monster (good)
 17596 | Elf:1    | XOM: enchant monster (good)
 17600 | Elf:2    | XOM: noise
 17614 | Elf:2    | Noticed an azure jelly
 17614 | Elf:2    | a deep elf death mage changed into an azure jelly
 17614 | Elf:2    | XOM: polymorph deep elf death mage -> azure jelly
 17633 | Elf:2    | Found Bumyjiat's Book Shop.
 17724 | Elf:1    | XOM: mild Erth miscast
 17808 | Elf:1    | XOM: harmless Air miscast
 17827 | Elf:1    | XOM: summons 1 friendly demon
 17871 | Elf:1    | XOM: give mutations
 17871 | Elf:1    | Gained mutation: You are partially covered in iridescent
                  | scales. (AC +2) [Xom's grace]
 17871 | Elf:1    | Gained mutation: Your mind is acute. (Int +2) [Xom's grace]
 17871 | Elf:1    | Gained mutation: You have very sharp teeth. [Xom's grace]
 18019 | Elf:1    | XOM: 1-stop teleportation journey
 18023 | Elf:1    | XOM: harmless Chrm miscast
 18127 | Elf:1    | XOM: give mutation
 18127 | Elf:1    | Lost mutation: Your mind is acute. (Int +2) [Xom's
                  | mischief]
 18203 | Elf:1    | XOM: scenery: 1 doors close
 18223 | Elf:1    | XOM: summons 7 friendly demons
 18237 | Elf:1    | XOM: god gift: 20 gold pieces
 18270 | Elf:1    | XOM: god gift: glowing robe {god gift}
 18302 | Elf:1    | Identified the Disquisition on Darkness
 18306 | Elf:1    | XOM: god gift: dire flail {god gift}
 18401 | Elf:1    | XOM: cleaving
 18406 | Elf:1    | XOM: summons friendly quasit
 18448 | Elf:1    | XOM: potion effect (berserk rage)
 18519 | Elf:1    | XOM: divination: magic mapping
 18530 | Elf:1    | XOM: summons friendly white imp
 18533 | Elf:1    | Killed Roxanne
 18535 | Elf:1    | XOM: fake destruction
 18547 | Elf:1    | Noticed a balrug
 18743 | Elf:1    | XOM: potion effect (brilliance)
 18833 | Elf:2    | XOM: summons 8 friendly demons
 18843 | Elf:2    | XOM: confuse monster(s)
 18863 | Elf:2    | XOM: divination: detect items
 18865 | Elf:2    | XOM: enchant monster (good)
 18873 | Elf:2    | XOM: cast spell 'Shadow Creatures'
 18878 | Elf:2    | XOM: blink monster(s)
 18931 | Orc:2    | XOM: summons 1 hostile demon
 19007 | Elf:1    | XOM: stat loss: -1 Int (11/14)
 19011 | Elf:1    | XOM: chaos cloud
 19111 | Elf:1    | XOM: draining
 19113 | Elf:1    | XOM: divination: detect creatures
 19119 | Elf:1    | Killed from afar by Asterion

Levels and vault maps discovered:
D:1:      wander_arrival_peaceful_grave, layout_basic, doesnt_xom_only_xom
D:2:      layout_basic, nemelex_xobeh_ov_fountains_minmay
D:3:      layout_rooms, marbit_many_paths
D:4:      layout_loops_ring, minmay_temple_entry_wispy, serial_shops, shop,
          uniq_robin, uniq_eustachio, uniq_grinder, uniq_natasha
D:5:      layout_basic, kennysheep_mini_moat, first_ration
D:6:      lemuel_ratsnest, layout_basic, nicolae_ashenzari_panopticon
D:7:      layout_gridville
D:8:      layout_gridville, okawaru_gym_becter, lair_entry_dummy
D:9:      layout_loops_ring, uniq_erolcha
D:10:     layout_cross, serial_shops, kennysheep_mini
D:11:     layout_loops_ring, kennysheep_orc_monster_closet_entryway,
          portal_ice_cave_demonic_guard
Temple:   compressed_dpeg_circular_temple
Orc:1:    layout_caves, rock_pile, uniq_snorg
Orc:2:    grunt_orc_tribal_feast, layout_caves, mines2_david
Elf:1:    minmay_elf_arrival_circle, layout_gridlike, minmay_elf_necromancy,
          minmay_shop_grove, uniq_roxanne, uniq_donald, uniq_asterion
Elf:2:    layout_loops_cross, serial_shops, shop

Skill      XL: |  1  2  3  4  5  6  7  8  9 10 11 12 13 14 |
---------------+-------------------------------------------+-----
Stealth        | 2 3 4 5 6 7 8 |  8.0
Short Blades   | 4 5 6 7 8 |  8.0
Dodging        | 4 5 6 7 9 12 14 | 14.5
Evocations     | 2 6 8 |  8.0
Spellcasting   | 6 9 10 | 10.0
Fighting       | 6 10 12 13 14 | 14.0
Shields        | 5 |  5.6

Action                   |  1- 3 |  4- 6 |  7- 9 | 10-12 | 13-15 || total
-------------------------+-------+-------+-------+-------+-------++-------
Melee: Short sword       |    80 |   196 |   673 |   358 |       ||  1307
       Dagger            |       |       |       |   814 |   500 ||  1314
       Headbutt          |       |       |       |   209 |   102 ||   311
       Bite              |       |       |       |       |    26 ||    26
Throw: Dart              |       |     2 |       |       |     1 ||     3
 Cast: Confusing Touch   |       |       |       |   129 |    60 ||   189
       Mephitic Cloud    |       |       |       |     9 |     6 ||    15
       Blink             |       |       |       |     5 |     5 ||    10
       Conjure Flame     |       |       |       |     4 |    10 ||    14
       Call Imp          |       |       |       |     1 |       ||     1
       Summon Lightning  |       |       |       |       |     1 ||     1
Evoke: Wand              |       |       |    21 |    16 |     3 ||    40
  Use: Scroll            |     2 |     3 |     7 |     7 |     1 ||    20
       Potion            |       |       |     1 |     1 |     6 ||     8
 Stab: Sleeping          |     4 |    11 |    20 |    18 |     4 ||    57
       Distracted        |       |     3 |     4 |       |     2 ||     9
       Confused          |       |     2 |     4 |   116 |    70 ||   192
       Invisible         |       |     1 |       |       |       ||     1
       Paralysed         |       |       |     5 |     9 |       ||    14
       Petrified         |       |       |     2 |       |       ||     2
       Petrifying        |       |       |       |     3 |       ||     3
  Eat: Ration            |       |       |     4 |     5 |     3 ||    12
Armor: Robe              |     9 |    20 |    39 |    53 |       ||   121
       Troll leather arm |       |       |       |     2 |    27 ||    29
Dodge: Dodged            |    60 |   142 |   396 |   710 |   220 ||  1528
Block: Other             |       |    21 |    66 |   124 |    31 ||   242
       Buckler           |       |       |       |       |    17 ||    17

Table legend:
 A = Non-vault XP
 B = Vault XP
 C = Vault XP percentage of total XP
 D = Non-vault monster count
 E = Vault monster count
 F = Vault count percentage of total count
                 A         B        C        D         E       F
            +---------+---------+-------+---------+---------+-------
      Total |   32101 |   28316 |  46.9 |     315 |     177 |  36.0
            +---------+---------+-------+---------+---------+-------
        D:1 |      30 |       0 |   0.0 |      15 |       0 |   0.0
        D:2 |     189 |       0 |   0.0 |      29 |       0 |   0.0
        D:3 |     165 |      13 |   7.3 |      30 |       1 |   3.2
        D:4 |     609 |     550 |  47.5 |      19 |      14 |  42.4
        D:5 |      81 |       0 |   0.0 |       6 |       0 |   0.0
        D:6 |    1492 |     257 |  14.7 |      25 |      33 |  56.9
        D:7 |    1126 |       0 |   0.0 |      31 |       0 |   0.0
        D:8 |    1158 |       0 |   0.0 |      15 |       0 |   0.0
        D:9 |    1491 |     973 |  39.5 |      26 |       1 |   3.7
       D:10 |     928 |       0 |   0.0 |      10 |       0 |   0.0
       D:11 |    4655 |    1880 |  28.8 |      19 |      19 |  50.0
      Orc:1 |    1371 |    1849 |  57.4 |      31 |       9 |  22.5
      Orc:2 |    5821 |    6743 |  53.7 |      35 |      31 |  47.0
      Elf:1 |   11528 |    9534 |  45.3 |      20 |      16 |  44.4
      Elf:2 |    1457 |       0 |   0.0 |       4 |       0 |   0.0
      IceCv |       0 |    6517 | 100.0 |       0 |      53 | 100.0
            +---------+---------+-------+---------+---------+-------
